cohdb
Replays
Latest Replays
All Replays
Popular Replays
Top Player Replays
Match Explorer
How It Works
Community
CoH3 Stats
Reddit
Sign in to upload your games and track your stats! →
Sign in with Steam
Match 41520352
Unlisted
Match 41520352
Overview
Messages
Build Orders
End
Construct Weapon Support Center
Selects Advanced Infantry Battlegroup
Selects Advanced Infantry Battlegroup
M1919 Machine Gun Team
Bazooka Squad
M1919 Machine Gun Team
M1919 Machine Gun Team
Bazooka Squad
Infantry Support Center
M3 Armored Personnel Carrier
M1919 Machine Gun Team
Selects Artillery Observers
Construct Motor Pool
M8 Greyhound Armored Car
M8 Greyhound Armored Car
Selects M2A1 105mm Howitzer Emplacement
Engineer Squad
Construct Medical Station
Forward Retreat Point
Engineer Squad
Selects 155mm Rapid Artillery Barrage
6block
Dar
N-JoyY
KazakBoss4
barnabouyt
Supersaiyajin
InTheBliTz
Jinx
0
0
Comments
sign in to comment!
No comments posted yet!